 Dungeon Crawl Stone Soup version 0.28.0-53-g5a82cb258f (webtiles) character file.

Game seed: 17087823157260567319

1319 ILmort the Cleaver (level 8, -11/66 HPs)
             Began as a Hill Orc Fighter on Aug 2, 2022.
             Mangled by an ogre
             ... wielding a +0 giant spiked club
              (17 damage)
             ... on level 5 of the Dungeon.
             The game lasted 00:34:30 (6457 turns).

ILmort the Cleaver (Hill Orc Fighter)               Turns: 6457, Time: 00:34:31

Health: -11/66     AC: 10    Str: 20 (21) XL:     8   Next: 59%
Magic:  8/8        EV:  7    Int:  8      God:
Gold:   191        SH:  4    Dex:  8 (10) Spells: 7/7 levels left

rFire   . . .      SeeInvis .   a - +0 war axe
rCold   . . .      Faith    .   c - +0 buckler
rNeg    . . .      Spirit   .   g - +0 chain mail
rPois   .          Reflect  .   o - +0 helmet
rElec   .          Harm     .   (no cloak)
rCorr   .          Rampage  .   (no gloves)
Will    .....                   (no boots)
Stlth   ..........              (no amulet)
HPRegen 0.21/turn               (no ring)
MPRegen 0.11/turn               (no ring)

@: invisible
A: no striking features
a: no special abilities


You were on level 5 of the Dungeon.
You visited 1 branch of the dungeon, and saw 5 of its levels.

You collected 191 gold pieces.

Inventory:

Hand Weapons
 a - a +0 war axe (weapon)
 e - a +0 vorpal flail
Missiles
 m - 16 bolts
Armour
 c - a +0 buckler (worn)
 g - a +0 chain mail (worn)
 o - a +0 helmet (worn)
Magical Staves
 i - a staff of poison
Jewellery
 u - an amulet of reflection
Wands
 d - a wand of mindburst (12)
 n - a wand of flame (16)
Scrolls
 b - 3 scrolls of fear {unknown}
 h - a scroll of enchant armour
 j - 2 scrolls of magic mapping
 l - a scroll of vulnerability
 p - a scroll of teleportation
 q - 2 scrolls of identify
 r - 2 scrolls of enchant weapon {unknown}
 t - 2 scrolls of fog
Potions
 f - a potion of attraction
 k - a potion of curing


   Skills:
 - Level 3.8 Fighting
 + Level 13.2 Axes
 - Level 3.4 Armour
 - Level 3.4 Shields


You had 7 spell levels left.
You didn't know any spells.
Your spell library was empty.

Dungeon Overview and Level Annotations

Branches:
Dungeon (5/15)
 Temple: D:4-7

Altars:
Sif Muna


Message History

You slash the hound!
You kill the hound!
Found a robe.
You see here a +0 robe.
A howler monkey zombie comes into view.
You slash the howler monkey zombie!
The howler monkey zombie is moderately damaged.
The howler monkey zombie barely misses you.
You slash the howler monkey zombie!
The howler monkey zombie is severely damaged.
The howler monkey zombie hits you but does no damage.
You slice the howler monkey zombie!!
You destroy the howler monkey zombie!
Found a stone staircase leading down.
An ogre comes into view. It is wielding a +0 giant spiked club.
The ogre shouts!
An ogre is nearby!
You barely miss the ogre.
The ogre hits you with a +0 giant spiked club!
You hit the ogre.
The ogre is moderately wounded.
The ogre hits you with a +0 giant spiked club.
You barely miss the ogre.
The ogre is lightly wounded.
You hit the ogre.
The ogre is moderately wounded.
The ogre hits you with a +0 giant spiked club!!
You barely miss the ogre.
The ogre is moderately wounded.
The ogre barely misses you.
You hit the ogre.
The ogre is heavily wounded.
You hit the ogre.
The ogre is heavily wounded.
The ogre hits you with a +0 giant spiked club!!
* * * LOW HITPOINT WARNING * * *
You fade into invisibility!
The ogre barely misses you.
The ogre hits you with a +0 giant spiked club!
You die...

..+ #.....##### (.#
#####.....#
#####.........##########
....'...................
..#.#....#.#####.###....
..'.........# #.# .
..#.#....#..####.###
..#.#....#.......O.#
###.#....##..###@#.#
#.########.# #.#.# #.#
.# #.#.# #.#
#.#.#######. ## #.#
#.#.[......... #.#
#.#..#####..# . ...
#.#..#####..#.. ###+##
....#.#..#.........
.....# ...#
#..##.##..#.#


You could see an ogre.

Vanquished Creatures
  Grinder (D:4)
  Edmund (D:4)
  A water moccasin (D:3)
  A phantom (D:3)
  A gnoll sergeant (D:5)
  A water moccasin zombie (D:3)
  A water moccasin skeleton (D:5)
  A bullfrog zombie (D:3)
  A hound (D:5)
  2 jellies (D:4)
  An orc priest (D:4)
  A bullfrog skeleton (D:4)
  Jessica (D:3)
  4 iguanas
  Terence (D:3)
  Natasha (thrice) (D:3)
  An orc wizard (D:4)
  A hound skeleton (D:4)
  A howler monkey zombie (D:5)
  Robin (D:4)
  7 gnolls (D:5)
  4 adders
  An ufetubus (D:5)
  A worm (D:2)
  4 dart slugs
  5 orcs
  11 endoplasms
  4 giant cockroaches
  8 hobgoblins
  6 jackals
  6 kobolds
  2 quokkas
  8 ball pythons
  3 frilled lizards
  9 goblins
  2 rats
107 creatures vanquished.

Notes
Turn   | Place    | Note
-------+----------+-------------------------------------------
     0 | D:1      | ILmort the Hill Orc Fighter began the quest for the Orb.
     0 | D:1      | Reached XP level 1. HP: 19/19 MP: 1/1
   160 | D:1      | Reached XP level 2. HP: 20/27 MP: 2/2
   168 | D:1      | Reached skill level 3 in Axes
   530 | D:1      | Found a faded altar of an unknown god.
  1228 | D:2      | Reached skill level 4 in Axes
  1228 | D:2      | Reached XP level 3. HP: 32/33 MP: 3/3
  1774 | D:3      | Noticed Jessica
  1782 | D:3      | Killed Jessica
  1783 | D:3      | Reached skill level 5 in Axes
  1783 | D:3      | Reached XP level 4. HP: 37/40 MP: 4/4
  1805 | D:3      | Noticed Natasha
  1809 | D:3      | Killed Natasha
  2101 | D:3      | Noticed Natasha
  2113 | D:3      | Killed Natasha
  2114 | D:3      | Reached skill level 6 in Axes
  2114 | D:3      | Reached XP level 5. HP: 26/46 MP: 5/5
  2122 | D:3      | Noticed Natasha
  2150 | D:3      | Killed Natasha
  2286 | D:3      | Noticed a phantom
  2298 | D:3      | Killed a phantom
  2299 | D:3      | Reached skill level 7 in Axes
  2299 | D:3      | Reached XP level 6. HP: 52/52 MP: 6/6
  2363 | D:3      | Reached skill level 8 in Axes
  2398 | D:3      | Noticed a water moccasin
  2424 | D:3      | Killed a water moccasin
  2725 | D:3      | Noticed Terence
  2739 | D:3      | Killed Terence
  2740 | D:3      | Reached skill level 9 in Axes
  2979 | D:3      | Reached XP level 7. HP: 56/58 MP: 7/7
  3065 | D:3      | Found a shimmering blue altar of Sif Muna.
  3828 | D:4      | Noticed Robin
  3830 | D:4      | Reached skill level 10 in Axes
  3840 | D:4      | Killed Robin
  4396 | D:4      | Noticed Grinder
  4444 | D:4      | Paralysed by Grinder for 2 turns
  4456 | D:4      | Killed Grinder
  4457 | D:4      | Reached skill level 11 in Axes
  4457 | D:4      | Reached XP level 8. HP: 49/66 MP: 8/8
  4596 | D:4      | Noticed Edmund
  4613 | D:4      | Killed Edmund
  4614 | D:4      | Reached skill level 12 in Axes
  5395 | D:5      | Entered Level 5 of the Dungeon
  6230 | D:5      | Reached skill level 13 in Axes
  6438 | D:5      | HP: 2/66 [ogre/+0 giant spiked club (30)]
  6457 | D:5      | Mangled by an ogre

Illustrated notes

Levels and vault maps discovered:
D:1:      dpeg_arrival_rooms_a, layout_loops_ring,
          shapermc_ecumenical_altar_starsandcircs
D:2:      layout_basic
D:3:      layout_loops_ring, led_sif_book, uniq_terence, uniq_natasha,
          uniq_jessica
D:4:      layout_basic, serial_co_window_serial, co_window_corner_a,
          co_window_of_opportunity_a, co_window_corner_a,
          co_window_of_opportunity_a, co_window_paths_b, co_window_broadway_c,
          co_window_broadway_c, co_window_2corner, co_window_2corner,
          co_window_unsneaky_path_c, co_window_corner_ca, co_window_paths_e,
          uniq_grinder, uniq_edmund, uniq_robin
D:5:      layout_basic, corexii_hall_statues_s, uniq_crazy_yiuf_cottage

Skill      XL: |  1  2  3  4  5  6  7  8 |
---------------+-------------------------+-----
Axes           | 4 5 6 7 9 11 13 | 13.2
Fighting       | |  3.8
Armour         | |  3.4
Shields        | |  3.4

Action                   |  1- 3 |  4- 6 |  7- 9 || total
-------------------------+-------+-------+-------++-------
Melee: War axe           |    82 |    97 |   240 ||   419
  Use: Scroll            |     8 |       |       ||     8
       Potion            |       |     4 |     3 ||     7
Armor: Scale mail        |    27 |    22 |       ||    49
       Chain mail        |       |     3 |    81 ||    84
Dodge: Dodged            |    29 |    41 |    64 ||   134
Block: Buckler           |    16 |    22 |    38 ||    76
